 Dungeon Crawl Stone Soup version 0.31.0-32-g396128a36d (webtiles) character file.

Game seed: 9932003602619589499

4501 PaiMei the Merchant of Misery (level 10, -3/76 HPs)
             Began as a Demonspawn Necromancer on Apr 6, 2024.
             Was a Believer of Kikubaaqudgha.
             Slain by Maggie
             ... wielding a +2 halberd of flaming
              (7 damage)
             ... on level 10 of the Dungeon.
             The game lasted 00:13:43 (10543 turns).

PaiMei the Merchant of Misery (DsNe)               Turns: 10543, Time: 00:13:44

Health: -3/76      AC: 13    Str: 10    XL:     10   Next: 16%
Magic:  19/29      EV: 14    Int: 19    God:    Kikubaaqudgha [**....]
Gold:   355        SH:  0    Dex: 13    Spells: 15/23 levels left

rFire   . . .        n - +2 short sword (venom)
rCold   . . .        (no shield)
rNeg    . . .        F - +0 troll leather armour
rPois   .            (no helmet)
rElec   .            y - +0 cloak
rCorr   .            j - +1 pair of gloves
SInv    .            v - +0 pair of boots
Will    .....        (no amulet)
Stlth   ++           G - ring of magical power
HPRegen 3.12/turn    (no ring)
MPRegen 0.21/turn

%: no passive effects
@: lethally poisoned (-3 -> -3), sanguine armoured, mesmerised
A: powered by death 2, spiny 1, sanguine armour 1, bedeviling, weakness stinger
2
a: Renounce Religion, Unearth Wretches


You were on level 10 of the Dungeon.
You worshipped Kikubaaqudgha.
Kikubaaqudgha was pleased with you.
You visited 2 branches of the dungeon, and saw 11 of its levels.

You collected 355 gold pieces.

Inventory:

Hand Weapons
 n - a +2 short sword of venom (weapon)
 u - a +2 mace of protection
 I - a +1 dagger of draining
Missiles
 g - 30 poisoned darts (quivered)
 J - a curare-tipped dart
Armour
 a - a +0 robe
 j - a +1 pair of gloves (worn)
 v - a +0 pair of boots (worn)
 y - a +0 cloak (worn)
 D - an orb of guile
 F - a +0 troll leather armour (worn)
Jewellery
 m - an amulet of guardian spirit
 t - the ring of the Glamorous Grape {rElec rPois Will+ MP-9 Str+4}
   (You found it on level 6 of the Dungeon)

   [ring of poison resistance]

   Str+4:     It affects your strength (+4).
   rElec:     It insulates you from electricity.
   rPois:     It protects you from poison Will+: It increases your willpower.
   MP-9:      It affects your magic capacity (-9).
 G - a ring of magical power (left hand)
Wands
 z - a wand of charming (21)
 C - a wand of mindburst (16)
Scrolls
 c - 12 scrolls of identify {unknown}
 e - 2 scrolls of fog {unknown}
 l - a scroll of enchant armour {unknown}
 o - a scroll of immolation {unknown}
 p - 5 scrolls of amnesia {unknown}
 q - a scroll of vulnerability {unknown}
 r - a scroll of fear {unknown}
 s - a scroll of teleportation {unknown}
 A - a scroll of poison {unknown}
 H - a scroll of blinking {unknown}
Potions
 b - a potion of magic
 d - a potion of berserk rage {unknown}
 f - 8 potions of curing {unknown}
 h - 2 potions of haste {unknown}
 i - 2 potions of mutation {unknown}
 k - a potion of degeneration {unknown}
 w - 2 potions of might {unknown}
 x - 2 potions of heal wounds {unknown}
 B - 2 potions of invisibility {unknown}
 E - a potion of enlightenment {unknown}


   Skills:
 + Level 6.3 Fighting
 + Level 7.1 Dodging
 - Level 4.0 Stealth
 + Level 7.1 Spellcasting
 + Level 9.3 Necromancy


You had 15 spell levels left.
You knew the following spells:

 Your Spells              Type           Power      Damage    Failure   Level
a - Necrotise             Necr           100%       1d9       1%          1
b - Vampiric Draining     Necr           42%        2d9       1%          3
c - Animate Dead          Necr           42%        N/A       3%          4

Your spell library contained the following spells:

 Spells                   Type           Power      Damage    Failure   Level
 Kiss of Death            Conj/Necr      96%        2d12      1%          1
 Sublimation of Blood     Necr           42%        N/A       1%          2
 Fugue of the Fallen      Necr           42%        N/A       1%          3
 Cigotuvi's Dreadful Rot  Necr/Alch/Air  36%        N/A       6%          2
 Curse of Agony           Necr           42%        N/A       9%          5
 Slow                     Hex            40%        N/A       14%         1
 Call Imp                 Summ           12%        N/A       21%         2
 Confusing Touch          Hex            10%        N/A       38%         3
 Sigil of Binding         Hex            10%        N/A       38%         3
 Summon Blazeheart Golem  Fire/Summ      6%         N/A       80%         4
 Vhi's Electric Charge    Tloc/Air       12%        N/A       80%         4
 Arcjolt                  Conj/Air       3%         1d13      98%         5
 Plasma Beam              Fire/Air       3%         2x1d13    100%        6
 Orb of Destruction       Conj           3%         9d5       100%        7
 Spellforged Servitor     Conj/Summ      3%         N/A       100%        7
 Summon Hydra             Summ           3%         N/A       100%        7


Dungeon Overview and Level Annotations

Branches:
Dungeon (10/15)            Temple (1/1) D:4
   Lair: D:8-11         Orc: D:9-12

Altars:
Ashenzari
Cheibriados
Dithmenos
Fedhas
Gozag
Hepliaklqana
Kikubaaqudgha
Makhleb
Nemelex Xobeh
Okawaru
Ru
Sif Muna
Trog
Uskayaw
Vehumet
Wu Jian
Xom
Yredelemnul

Shops:
D:7 (

Annotations:
D:3 2 transporters, 0gre's ghost, amateur GnIE
D:7 Maurice
D:10 Maggie; Nergalle


Innate Abilities, Weirdness & Mutations

You regenerate health from kills.
You are partially covered in sharp spines.
When seriously injured, your blood forms armour. (AC +6)
Your hexes are more powerful.
You have a tail ending in a sharp stinger.


Message History

Maggie attempts to bespell you!
You are mesmerised by Maggie!
The ogre is struck by your spines.
The ogre hits you with a +0 giant spiked club!!
Your blood congeals into armour.
The killer bee is struck by your spines.
The killer bee barely misses you.
You puncture the killer bee!
The killer bee is poisoned.
Your tail-slap misses the killer bee.
The killer bee is almost dead.
You feel sick.
You kill the killer bee!
Kikubaaqudgha accepts your kill.
Maggie hits you from afar with a +2 halberd of flaming!
Maggie burns you. The ogre is struck by your spines.
You kill the ogre!
Kikubaaqudgha accepts your kill.
A yak comes into view.
Casting: Vampiric Draining (safe; 1% risk of failure)
Confirm with . or Enter, or press ? or * to list all spells.
Aiming: Vampiric Draining (safe; 1% risk of failure)
Press: ? - help, Shift-Dir - straight line, f - Nergalle
Aim: Nergalle, wielding a +0 dagger and wearing a +0 robe of willpower You draw life force from Nergalle!
You feel life coursing into your body.
You feel sick.
Maggie hits you from afar with a +2 halberd of flaming!
* * * LOW HITPOINT WARNING * * *
Maggie burns you.
* * * LOW HITPOINT WARNING * * *
Nergalle is struck by your spines. Nergalle hits you but does no damage.
An ogre comes into view. It is wielding a +0 giant club.
You hit Nergalle but do no damage.
Nergalle is poisoned.
Your tail-slap misses Nergalle.
Nergalle is moderately wounded.
You feel sick.
Maggie hits you from afar with a +2 halberd of flaming!
* * * LOW HITPOINT WARNING * * *
Maggie burns you!
You die...
Kikubaaqudgha rasps: "You have failed me!
Welcome... death!"

#########
############......^..
#...............#...##
#....................#
#######...............#....##
.............#####.#.#.......
.............#####.#.........
............OOOO@o@.Y.Y......
...........OO#####Y..........
.............# ######......
.....<.......# ..#..
........###### ... ........#
#.. ........# . ........#
........#


You could see Nergalle (very poisoned), Maggie (mesmerising), 3 yaks and 6
ogres.

Vanquished Creatures
  A troll (D:9)
  2 hornets (D:9)
  Sigmund (D:5)
  A wyvern (D:9)
  2 acid dragons
  3 water moccasins
  A sky beast (D:7)
  2 ice beasts
  An orc warrior (D:7)
  3 black bears
  An ogre (D:10)
  2 kobold brigands
  A bullfrog (D:9)
  A gnoll sergeant (D:8)
  4 scorpions
  9 killer bees
  9 howler monkeys
  A quasit (D:8)
  2 bombardier beetles
  A gnoll bouda (D:7)
  4 orc priests
  2 hounds
  3 jellies
  3 iguanas
  A sleepcap (D:7)
  9 orc wizards
  5 adders
  8 gnolls
  A shadow imp (D:8)
  A white imp (D:8)
  4 ufetubi
  A dart slug (D:3)
  4 ribbon worms
  27 orcs
  5 ball pythons
  4 bats
  5 endoplasms
  2 giant cockroaches (D:3)
  10 hobgoblins
  6 quokkas
  6 frilled lizards
  7 goblins
  13 kobolds
  3 rats
182 creatures vanquished.

Vanquished Creatures (collateral kills)
  A necrophage (D:6)
  A hound skeleton (D:6)
  A shadow imp (D:8)
  A white imp (D:8)
  A dart slug (D:1)
  3 orcs
  A ball python (D:2)
  An endoplasm (D:1)
  A butterfly (D:4)
11 creatures vanquished.

Vanquished Creatures (others)
  A killer bee zombie (D:8)
1 creature vanquished.

Grand Total: 194 creatures vanquished

Notes
Turn   | Place    | Note
-------+----------+-------------------------------------------
     0 | D:1      | PaiMei the Demonspawn Necromancer began the quest for the
                  | Orb.
     0 | D:1      | Reached XP level 1. HP: 13/13 MP: 3/3
   383 | D:1      | Gained mutation: You regenerate a little health from kills.
                  | [demonic ancestry]
   383 | D:1      | Reached XP level 2. HP: 19/19 MP: 0/5
   992 | D:2      | Gained mutation: When seriously injured, your blood forms
                  | armour. (AC +6) [demonic ancestry]
   992 | D:2      | Reached XP level 3. HP: 9/24 MP: 0/6
   996 | D:2      | Learned a level 3 spell: Vampiric Draining
  2132 | D:3      | Found a radiant altar of Vehumet.
  2143 | D:3      | Reached skill level 5 in Necromancy
  2143 | D:3      | Gained mutation: You regenerate health from kills. [demonic
                  | ancestry]
  2143 | D:3      | Reached XP level 4. HP: 20/30 MP: 0/8
  2370 | D:3      | Found a transporter.
  2411 | D:3      | Found a transporter.
  2419 | D:3      | Noticed 0gre's ghost (amateur GnIE)
  2616 | D:3      | Gained mutation: You have a small tail. [demonic ancestry]
  2616 | D:3      | Reached XP level 5. HP: 35/35 MP: 1/9
  2621 | D:3      | Learned a level 4 spell: Animate Dead
  3184 | D:4      | Found a staircase to the Ecumenical Temple.
  3190 | Temple   | Entered the Ecumenical Temple
  3432 | D:4      | Noticed an ice beast
  3440 | D:4      | Killed an ice beast
  3441 | D:4      | Gained mutation: You have a tail ending in a sharp stinger.
                  | [demonic ancestry]
  3441 | D:4      | Reached XP level 6. HP: 36/41 MP: 1/11
  3529 | D:4      | Found an ancient bone altar of Kikubaaqudgha.
  4305 | D:4      | Became a worshipper of Kikubaaqudgha
  4319 | D:5      | Entered Level 5 of the Dungeon
  4319 | D:5      | Noticed Sigmund
  4436 | D:5      | Reached skill level 6 in Necromancy
  4436 | D:5      | Gained mutation: You are partially covered in sharp spines.
                  | [demonic ancestry]
  4436 | D:5      | Reached XP level 7. HP: 46/46 MP: 5/12
  4666 | D:5      | Killed Sigmund
  4667 | D:5      | Reached skill level 1 in Fighting
  5485 | D:6      | Reached XP level 8. HP: 57/57 MP: 8/14
  5605 | D:6      | Found a broken altar of Ashenzari.
  6040 | D:6      | Identified the ring of the Glamorous Grape {rElec rPois
                  | Will+ MP-9 Str+4}
  6104 | D:6      | Reached skill level 7 in Necromancy
  6142 | D:6      | Found a burning altar of Makhleb.
  6186 | D:6      | Found an ornate altar of the Wu Jian Council.
  6457 | D:7      | Reached skill level 5 in Dodging
  6457 | D:7      | Reached skill level 5 in Spellcasting
  6537 | D:7      | Reached * piety under Kikubaaqudgha
  6537 | D:7      | Received a gift from Kikubaaqudgha
  6663 | D:7      | Found Alyozyg's Antique Weapon Shoppe.
  6948 | D:7      | Reached XP level 9. HP: 65/66 MP: 8/17
  7099 | D:7      | Found a snail-covered altar of Cheibriados.
  7165 | D:7      | Reached skill level 8 in Necromancy
  7174 | D:7      | Noticed Maurice
  7828 | D:7      | Found a hide-covered altar of Uskayaw.
  8126 | D:8      | Reached ** piety under Kikubaaqudgha
  8161 | D:8      | Reached skill level 5 in Fighting
  9025 | D:8      | Found a shadowy altar of Dithmenos.
  9450 | D:9      | Noticed a troll
  9457 | D:9      | Killed a troll
  9821 | D:9      | Reached skill level 9 in Necromancy
 10095 | D:9      | Gained mutation: Your hexes are more powerful. [demonic
                  | ancestry]
 10095 | D:9      | Reached XP level 10. HP: 76/76 MP: 20/20
 10282 | D:10     | Entered Level 10 of the Dungeon
 10527 | D:10     | Noticed Maggie
 10536 | D:10     | Noticed Nergalle
 10543 | D:10     | Slain by Maggie

Illustrated notes

Levels and vault maps discovered:
D:1:      scummos_arrival_star, layout_loops_cross, minmay_misc_feat_chi
D:2:      layout_loops_cross
D:3:      layout_loops_ring, mainiacjoe_overflow_six_doors_small,
          gammafunk_ghost_stat_death
D:4:      layout_loops_ring, mainiacjoe_overflow_tiny_flanked,
          minmay_temple_entry_butterflies
D:5:      layout_loops_ring, uniq_sigmund
D:6:      layout_loops_ring, makhleb_blood_cavern_becter,
          mainiacjoe_overflow_concentric_impassable, mainiacjoe_overflow_swirl,
          portal_sewer_entry_e, minmay_misc_feat_rows, nicolae_underground_beach
D:7:      layout_cave_pools, cheibriados_altar_1, nicolae_uskayaw_suspiria,
          serial_shops, shop, kennysheep_generic_room_6, uniq_maurice
D:8:      layout_loops_ring, mainiacjoe_overflow_paths, serial_demonic,
          serial_demonic_c, serial_demonic_e, serial_demonic_f, serial_demonic_c
D:9:      layout_loops_cross
D:10:     layout_basic, nicolae_qazlal_style_of_elements, uniq_maggie,
          uniq_lodul, uniq_nergalle
Temple:   nicolae_temple_bog_church

Skill      XL: |  1  2  3  4  5  6  7  8  9 10 |
---------------+-------------------------------+-----
Stealth        | 2 3 4 |  4.0
Dodging        | 2 3 4 5 6 7 |  7.1
Necromancy     | 5 6 7 9 |  9.3
Spellcasting   | 3 4 5 6 7 |  7.1
Fighting       | 2 4 6 |  6.3

Action                     |  1- 3 |  4- 6 |  7- 9 | 10-12 || total
---------------------------+-------+-------+-------+-------++-------
  Melee: Short sword       |    18 |    35 |   128 |     5 ||   186
         Tailslap          |       |     3 |    20 |       ||    23
         Punch             |       |       |     4 |       ||     4
   Cast: Necrotise         |    88 |    56 |    92 |     1 ||   237
         Vampiric Draining |       |     9 |    58 |    12 ||    79
         Animate Dead      |       |       |     1 |       ||     1
   Stab: Distracted        |       |       |     1 |       ||     1
 Armour: Robe              |    32 |    33 |   136 |       ||   201
         Troll leather arm |       |       |    13 |    29 ||    42
  Dodge: Dodged            |    34 |    18 |   137 |    20 ||   209
